Workbook

Sheet 3810009701-noSymbol (10)
A1: Physical flow account for greenhouse gas emissions c 1 2 3 4 5 6 7 8 9 10 11
A2: Frequency: Annual
A3: Table: 38-10-0097-01 (formerly CANSIM 153-0114)
A4: Release date: 2023-12-20
A5: Geography: Canada, Province or territory
A9: Geography | B9: Sector | C9: 2009 | D9: 2010 | E9: 2011 | F9: 2012 | G9: 2013 | H9: 2014 | I9: 2015 | J9: 2016 | K9: 2017 | L9: 2018 | M9: 2019 | N9: 2020 | O9: 2021
A10: Canada | C10: Kilotonnes
B11: Total, industries and households | C11: 738765 | D11: 753887 | E11: 764322 | F11: 765177 | G11: 774546 | H11: 775519 | I11: 780254 | J11: 753719 | K11: 766876 | L11: 780372 | M11: 775612 | N11: 693849 | O11: 708880
B12: Total, industries | C12: 609765 | D12: 625165 | E12: 631802 | F12: 636925 | G12: 639396 | H12: 642314 | I12: 647912 | J12: 622641 | K12: 632545 | L12: 642939 | M12: 639121 | N12: 579689 | O12: 594661
B13: Total, households | C13: 129000 | D13: 128722 | E13: 132520 | F13: 128252 | G13: 135150 | H13: 133205 | I13: 132343 | J13: 131078 | K13: 134331 | L13: 137433 | M13: 136491 | N13: 114160 | O13: 114219
A14: Newfoundland and Labrador | B14: Total, industries and households | C14: 9134 | D14: 9352 | E14: 9473 | F14: 9074 | G14: 9167 | H14: 10195 | I14: 10833 | J14: 11063 | K14: 10843 | L14: 10552 | M14: 10483 | N14: 8420 | O14: 7694
B15: Total, industries | C15: 7050 | D15: 7306 | E15: 7084 | F15: 6711 | G15: 6914 | H15: 7674 | I15: 8423 | J15: 8614 | K15: 8115 | L15: 8005 | M15: 8022 | N15: 6224 | O15: 5590
B16: Total, households | C16: 2083 | D16: 2046 | E16: 2389 | F16: 2364 | G16: 2253 | H16: 2522 | I16: 2409 | J16: 2449 | K16: 2728 | L16: 2547 | M16: 2461 | N16: 2195 | O16: 2104
A17: Prince Edward Island | B17: Total, industries and households | C17: 1864 | D17: 1880 | E17: 2067 | F17: 1909 | G17: 1597 | H17: 1573 | I17: 1513 | J17: 1615 | K17: 1667 | L17: 1658 | M17: 1692 | N17: 1648 | O17: 1661
B18: Total, industries | C18: 823 | D18: 898 | E18: 972 | F18: 923 | G18: 744 | H18: 787 | I18: 794 | J18: 830 | K18: 816 | L18: 837 | M18: 853 | N18: 899 | O18: 913
B19: Total, households | C19: 1041 | D19: 982 | E19: 1095 | F19: 987 | G19: 854 | H19: 787 | I19: 720 | J19: 785 | K19: 851 | L19: 821 | M19: 839 | N19: 749 | O19: 749
A20: Nova Scotia | B20: Total, industries and households | C20: 23695 | D20: 22469 | E20: 22764 | F20: 20453 | G20: 19116 | H20: 17802 | I20: 17777 | J20: 16575 | K20: 17095 | L20: 17582 | M20: 16762 | N20: 14381 | O20: 14203
B21: Total, industries | C21: 18926 | D21: 17707 | E21: 17397 | F21: 15328 | G21: 14334 | H21: 13357 | I21: 12802 | J21: 11928 | K21: 12323 | L21: 12665 | M21: 11984 | N21: 10267 | O21: 10130
B22: Total, households | C22: 4770 | D22: 4762 | E22: 5367 | F22: 5125 | G22: 4782 | H22: 4445 | I22: 4975 | J22: 4648 | K22: 4772 | L22: 4918 | M22: 4777 | N22: 4114 | O22: 4073
A23: New Brunswick | B23: Total, industries and households | C23: 21511 | D23: 20508 | E23: 21492 | F23: 19657 | G23: 17956 | H23: 16698 | I23: 18238 | J23: 19209 | K23: 18119 | L23: 17973 | M23: 17014 | N23: 15665 | O23: 16139
B24: Total, industries | C24: 17868 | D24: 16662 | E24: 16798 | F24: 15096 | G24: 13868 | H24: 12567 | I24: 13489 | J24: 14825 | K24: 14386 | L24: 14436 | M24: 13768 | N24: 12910 | O24: 13527
B25: Total, households | C25: 3644 | D25: 3846 | E25: 4694 | F25: 4561 | G25: 4087 | H25: 4131 | I25: 4748 | J25: 4384 | K25: 3733 | L25: 3537 | M25: 3246 | N25: 2755 | O25: 2612
A26: Quebec | B26: Total, industries and households | C26: 94069 | D26: 90197 | E26: 91363 | F26: 89602 | G26: 89319 | H26: 87815 | I26: 90656 | J26: 88846 | K26: 90941 | L26: 91681 | M26: 92898 | N26: 81363 | O26: 84473
B27: Total, industries | C27: 67583 | D27: 64745 | E27: 64522 | F27: 63414 | G27: 62316 | H27: 61144 | I27: 64093 | J27: 62838 | K27: 64729 | L27: 65459 | M27: 66491 | N27: 59845 | O27: 62140
B28: Total, households | C28: 26486 | D28: 25451 | E28: 26841 | F28: 26188 | G28: 27003 | H28: 26670 | I28: 26563 | J28: 26008 | K28: 26212 | L28: 26222 | M28: 26407 | N28: 21518 | O28: 22334
A29: Ontario | B29: Total, industries and households | C29: 170766 | D29: 180069 | E29: 179281 | F29: 172690 | G29: 173224 | H29: 169899 | I29: 169450 | J29: 166827 | K29: 164825 | L29: 170603 | M29: 170955 | N29: 148305 | O29: 152076
B30: Total, industries | C30: 121503 | D30: 130604 | E30: 127909 | F30: 125724 | G30: 121618 | H30: 119361 | I30: 119088 | J30: 117601 | K30: 114356 | L30: 118072 | M30: 119159 | N30: 106794 | O30: 111017
B31: Total, households | C31: 49263 | D31: 49465 | E31: 51372 | F31: 46966 | G31: 51606 | H31: 50538 | I31: 50362 | J31: 49226 | K31: 50469 | L31: 52531 | M31: 51797 | N31: 41511 | O31: 41059
A32: Manitoba | B32: Total, industries and households | C32: 19336 | D32: 18891 | E32: 18925 | F32: 20427 | G32: 20935 | H32: 21088 | I32: 20650 | J32: 21044 | K32: 21505 | L32: 22365 | M32: 22232 | N32: 20674 | O32: 20226
B33: Total, industries | C33: 15685 | D33: 15049 | E33: 15251 | F33: 16202 | G33: 16447 | H33: 16582 | I33: 16571 | J33: 16839 | K33: 17276 | L33: 17666 | M33: 17498 | N33: 16525 | O33: 16050
B34: Total, households | C34: 3651 | D34: 3843 | E34: 3675 | F34: 4225 | G34: 4488 | H34: 4506 | I34: 4079 | J34: 4205 | K34: 4228 | L34: 4699 | M34: 4733 | N34: 4149 | O34: 4176
A35: Saskatchewan | B35: Total, industries and households | C35: 69348 | D35: 69164 | E35: 68801 | F35: 72646 | G35: 74912 | H35: 76792 | I35: 78797 | J35: 73907 | K35: 77437 | L35: 78743 | M35: 75606 | N35: 66252 | O35: 69101
B36: Total, industries | C36: 63427 | D36: 62779 | E36: 63357 | F36: 66633 | G36: 68396 | H36: 70661 | I36: 72702 | J36: 67816 | K36: 71088 | L36: 72229 | M36: 68986 | N36: 60513 | O36: 63318
B37: Total, households | C37: 5921 | D37: 6385 | E37: 5444 | F37: 6013 | G37: 6516 | H37: 6131 | I37: 6095 | J37: 6091 | K37: 6349 | L37: 6514 | M37: 6620 | N37: 5739 | O37: 5783
A38: Alberta | B38: Total, industries and households | C38: 250456 | D38: 259155 | E38: 269145 | F38: 276762 | G38: 285303 | H38: 290011 | I38: 287853 | J38: 270302 | K38: 278551 | L38: 282438 | M38: 282957 | N38: 261640 | O38: 265270
B39: Total, industries | C39: 231708 | D39: 240824 | E39: 250915 | F39: 258124 | G39: 265387 | H39: 269970 | I39: 269099 | J39: 251288 | K39: 258619 | L39: 261764 | M39: 262314 | N39: 243757 | O39: 247818
B40: Total, households | C40: 18748 | D40: 18331 | E40: 18230 | F40: 18638 | G40: 19916 | H40: 20041 | I40: 18754 | J40: 19014 | K40: 19932 | L40: 20673 | M40: 20643 | N40: 17883 | O40: 17452
A41: British Columbia | B41: Total, industries and households | C41: 75668 | D41: 79146 | E41: 77799 | F41: 78678 | G41: 79717 | H41: 80416 | I41: 81233 | J41: 81333 | K41: 82643 | L41: 83426 | M41: 81491 | N41: 72540 | O41: 75003
B42: Total, industries | C42: 62635 | D42: 65876 | E42: 64753 | F42: 65827 | G42: 66406 | H42: 67350 | I42: 67998 | J42: 67409 | K42: 67915 | L42: 68789 | M42: 66869 | N42: 59295 | O42: 61410
B43: Total, households | C43: 13033 | D43: 13270 | E43: 13046 | F43: 12851 | G43: 13311 | H43: 13066 | I43: 13236 | J43: 13924 | K43: 14728 | L43: 14637 | M43: 14622 | N43: 13245 | O43: 13592
A44: Yukon | B44: Total, industries and households | C44: 587 | D44: 661 | E44: 706 | F44: 709 | G44: 632 | H44: 488 | I44: 520 | J44: 521 | K44: 551 | L44: 618 | M44: 659 | N44: 567 | O44: 620
B45: Total, industries | C45: 445 | D45: 510 | E45: 550 | F45: 560 | G45: 484 | H45: 361 | I45: 391 | J45: 393 | K45: 412 | L45: 471 | M45: 499 | N45: 427 | O45: 494
B46: Total, households | C46: 142 | D46: 152 | E46: 156 | F46: 149 | G46: 148 | H46: 127 | I46: 130 | J46: 129 | K46: 139 | L46: 147 | M46: 160 | N46: 140 | O46: 125
A47: Northwest Territories | B47: Total, industries and households | C47: 1894 | D47: 1932 | E47: 2051 | F47: 2054 | G47: 2020 | H47: 2075 | I47: 2083 | J47: 1791 | K47: 1992 | L47: 1971 | M47: 1919 | N47: 1544 | O47: 1675
B48: Total, industries | C48: 1701 | D48: 1768 | E48: 1866 | F48: 1896 | G48: 1868 | H48: 1897 | I48: 1904 | J48: 1638 | K48: 1859 | L48: 1830 | M48: 1772 | N48: 1416 | O48: 1550
B49: Total, households | C49: 193 | D49: 165 | E49: 185 | F49: 158 | G49: 152 | H49: 178 | I49: 179 | J49: 153 | K49: 133 | L49: 140 | M49: 146 | N49: 128 | O49: 124
A50: Nunavut | B50: Total, industries and households | C50: 437 | D50: 462 | E50: 455 | F50: 516 | G50: 648 | H50: 668 | I50: 652 | J50: 685 | K50: 707 | L50: 762 | M50: 944 | N50: 850 | O50: 738
B51: Total, industries | C51: 412 | D51: 437 | E51: 428 | F51: 488 | G51: 614 | H51: 605 | I51: 559 | J51: 622 | K51: 651 | L51: 716 | M51: 904 | N51: 817 | O51: 702
B52: Total, households | C52: 24 | D52: 25 | E52: 27 | F52: 28 | G52: 33 | H52: 63 | I52: 92 | J52: 63 | K52: 56 | L52: 46 | M52: 41 | N52: 33 | O52: 36
A55: Table Corrections:
A56: Date | B56: Note
B57: On February 28, 2023, a correction was made to some balancing items (biomass, motor fuels, synthetic fluorinated gases and non-energy products from fuels and solvent use) for some provinces and territories (Newfoundland and Labrador, Nova Scotia, Quebec, Manitoba, Saskatchewan, Alberta, British Columbia, Yukon and Nunavut) for years 2009 to 2020.
A61: Footnotes:
A62: 1 | B62: Data source: Statistics Canada, Environment Accounts and Statistics Division.
A63: 2 | B63: Carbon dioxide equivalent emissions are estimated using global warming potentials for methane and nitrous oxide of 25 and 298 respectively.
A64: 3 | B64: Emission sources included in these estimates: combustion of fossil fuels and biomass; non-combustion uses of fossil fuels; industrial processes; agricultural soils; livestock manure and enteric fermentation.
A65: 4 | B65: The supply and use tables are built around three classification systems, namely the Input-Output Industry Classification (IOIC) for industries, the Supply and Use Product Classification (SUPC) for products (goods and services), and the Input-Output Final Demand Classification (IOFDC) for final demand categories. The Input-Output Industry Classification (IOIC) is based on the North American Industry Classification System (NAICS) and the Supply and Use Product Classification (SUPC) is based on the North American Products Classification System (NAPCS). The Input-Output Final Demand Classification is based on the Classification of Individual Consumption by Purpose (COICOP) for the personal expenditure categories and the North American Industry Classification (NAICS) for the gross fixed capital formation categories. This table is published at the link 1961 level of the supply and use tables.
A66: 5 | B66: The alphanumeric codes appearing in square brackets beside each industry title represent the Input-Output Industry Classification (IOIC) codes. The IOIC identifies both institutional sectors and industries based on the North American Industry Classification System (NAICS). The first two characters of the IOIC alphanumeric codes represent the sector. IOIC codes beginning with a BS represent business sector industries, codes beginning with an NP represent Non-Profit Institutions Serving Household (NPISH) sector industries, and codes beginning with a GS represent government sector industries.
A67: 6 | B67: This table replaces table 38-10-0111-01.
A68: 7 | B68: Totals may not add due to rounding.
A69: 8 | B69: For more information on the concepts, sources and methods, please consult the <a href=https://www150.statcan.gc.ca/n1/pub/16-509-x/2016001/29-eng.htm" rel="external noopener noreferrer" target="_blank">Greenhouse gas emissions account (opens new window)</a> Greenhouse gas emissions account</a> section of the Methodological guide: Canadian System of Environmental-Economic Accounting (<a href="https://www150.statcan.gc.ca/n1/en/catalogue/16-509-X" rel="external noopener noreferrer" target="_blank">16-509-X (opens new window))</a>."
A70: 9 | B70: As of January 2019, in addition to national data, preliminary estimates for the greenhouse gas emissions account are available for each province and territory.
A71: 10 | B71: Data for 2009 to 2020 were revised in December 2023.
A72: 11 | B72: As of reference year 2014, the classifications of the supply and use tables have been modified to include cannabis related industries.
A76: How to cite: Statistics Canada. Table 38-10-0097-01 Physical flow account for greenhouse gas emissions
A77: https://www150.statcan.gc.ca/t1/tbl1/en/tv.action?pid=3810009701

Sheet Hsld per capita FIG2
A1: Population estimates on July 1, by age and gender 1 2 3 4 5
A2: Frequency: Annual
A3: Table: 17-10-0005-01 (formerly CANSIM 051-0001)
A4: Release date: 2024-02-21
A5: Geography: Canada, Province or territory
A10: Geography | B10: 2009 | C10: 2010 | D10: 2011 | E10: 2012 | F10: 2013 | G10: 2014 | H10: 2015 | I10: 2016 | J10: 2017 | K10: 2018 | L10: 2019 | M10: 2020 | N10: 2021 | P10: 2009-2011 | Q10: 2019-2021 | R10: Delta
A12: CD | B12: ='3810009701-noSymbol (10)'!C13*1000/Population!C12 -> 3.835853 | C12: ='3810009701-noSymbol (10)'!D13*1000/Population!D12 -> 3.7852841 | D12: ='3810009701-noSymbol (10)'!E13*1000/Population!E12 -> 3.859144 | E12: ='3810009701-noSymbol (10)'!F13*1000/Population!F12 -> 3.6945969 | F12: ='3810009701-noSymbol (10)'!G13*1000/Population!G12 -> 3.8525136 | G12: ='3810009701-noSymbol (10)'!H13*1000/Population!H12 -> 3.7592355 | H12: ='3810009701-noSymbol (10)'!I13*1000/Population!I12 -> 3.7066198 | I12: ='3810009701-noSymbol (10)'!J13*1000/Population!J12 -> 3.6298833 | ... N12: ='3810009701-noSymbol (10)'!O13*1000/Population!O12 -> 2.9869092 | O12: Canada | P12: =AVERAGE(B12:D12) -> 3.8267604 | Q12: =AVERAGE(L12:N12) -> 3.2057175 | R12: =1-Q12/P12 -> 0.16228947
A13: NL | B13: ='3810009701-noSymbol (10)'!C16*1000/Population!C13 -> 4.031033 | C13: ='3810009701-noSymbol (10)'!D16*1000/Population!D13 -> 3.9195252 | D13: ='3810009701-noSymbol (10)'!E16*1000/Population!E13 -> 4.5508663 | E13: ='3810009701-noSymbol (10)'!F16*1000/Population!F13 -> 4.4922896 | F13: ='3810009701-noSymbol (10)'!G16*1000/Population!G13 -> 4.2754668 | G13: ='3810009701-noSymbol (10)'!H16*1000/Population!H13 -> 4.7767866 | H13: ='3810009701-noSymbol (10)'!I16*1000/Population!I13 -> 4.5594949 | I13: ='3810009701-noSymbol (10)'!J16*1000/Population!J13 -> 4.624367 | ... N13: ='3810009701-noSymbol (10)'!O16*1000/Population!O13 -> 3.9919857 | O13: NL | P13: =AVERAGE(B13:D13) -> 4.1671415 | Q13: =AVERAGE(L13:N13) -> 4.2740422 | R13: =1-Q13/P13 -> -0.025653242
A14: PE | B14: ='3810009701-noSymbol (10)'!C19*1000/Population!C14 -> 7.4424657 | C14: ='3810009701-noSymbol (10)'!D19*1000/Population!D14 -> 6.932874 | D14: ='3810009701-noSymbol (10)'!E19*1000/Population!E14 -> 7.6084993 | E14: ='3810009701-noSymbol (10)'!F19*1000/Population!F14 -> 6.8344701 | F14: ='3810009701-noSymbol (10)'!G19*1000/Population!G14 -> 5.9329452 | G14: ='3810009701-noSymbol (10)'!H19*1000/Population!H14 -> 5.4616746 | H14: ='3810009701-noSymbol (10)'!I19*1000/Population!I14 -> 4.9780138 | I14: ='3810009701-noSymbol (10)'!J19*1000/Population!J14 -> 5.3440987 | ... N14: ='3810009701-noSymbol (10)'!O19*1000/Population!O14 -> 4.6196641 | O14: PE | P14: =AVERAGE(B14:D14) -> 7.3279463 | Q14: =AVERAGE(L14:N14) -> 4.9033435 | R14: =1-Q14/P14 -> 0.33087071
A15: NS | B15: ='3810009701-noSymbol (10)'!C22*1000/Population!C15 -> 5.0838462 | C15: ='3810009701-noSymbol (10)'!D22*1000/Population!D15 -> 5.054429 | D15: ='3810009701-noSymbol (10)'!E22*1000/Population!E15 -> 5.6848093 | E15: ='3810009701-noSymbol (10)'!F22*1000/Population!F15 -> 5.4338434 | F15: ='3810009701-noSymbol (10)'!G22*1000/Population!G15 -> 5.0882733 | G15: ='3810009701-noSymbol (10)'!H22*1000/Population!H15 -> 4.7399783 | H15: ='3810009701-noSymbol (10)'!I22*1000/Population!I15 -> 5.3071252 | I15: ='3810009701-noSymbol (10)'!J22*1000/Population!J15 -> 4.9290338 | ... N15: ='3810009701-noSymbol (10)'!O22*1000/Population!O15 -> 4.0733748 | O15: NS | P15: =AVERAGE(B15:D15) -> 5.2743615 | Q15: =AVERAGE(L15:N15) -> 4.375967 | R15: =1-Q15/P15 -> 0.17033237
A16: NB | B16: ='3810009701-noSymbol (10)'!C25*1000/Population!C16 -> 4.8589517 | C16: ='3810009701-noSymbol (10)'!D25*1000/Population!D16 -> 5.1073391 | D16: ='3810009701-noSymbol (10)'!E25*1000/Population!E16 -> 6.2123638 | E16: ='3810009701-noSymbol (10)'!F25*1000/Population!F16 -> 6.01619 | F16: ='3810009701-noSymbol (10)'!G25*1000/Population!G16 -> 5.3899647 | G16: ='3810009701-noSymbol (10)'!H25*1000/Population!H16 -> 5.4451485 | H16: ='3810009701-noSymbol (10)'!I25*1000/Population!I16 -> 6.2537374 | I16: ='3810009701-noSymbol (10)'!J25*1000/Population!J16 -> 5.7433167 | ... N16: ='3810009701-noSymbol (10)'!O25*1000/Population!O16 -> 3.302976 | O16: NB | P16: =AVERAGE(B16:D16) -> 5.3928849 | Q16: =AVERAGE(L16:N16) -> 3.6650269 | R16: =1-Q16/P16 -> 0.32039586
A17: QC | B17: ='3810009701-noSymbol (10)'!C28*1000/Population!C17 -> 3.3766302 | C17: ='3810009701-noSymbol (10)'!D28*1000/Population!D17 -> 3.2096686 | D17: ='3810009701-noSymbol (10)'!E28*1000/Population!E17 -> 3.3531399 | E17: ='3810009701-noSymbol (10)'!F28*1000/Population!F17 -> 3.2492315 | F17: ='3810009701-noSymbol (10)'!G28*1000/Population!G17 -> 3.3300756 | G17: ='3810009701-noSymbol (10)'!H28*1000/Population!H17 -> 3.2733827 | H17: ='3810009701-noSymbol (10)'!I28*1000/Population!I17 -> 3.2490013 | I17: ='3810009701-noSymbol (10)'!J28*1000/Population!J17 -> 3.162053 | ... N17: ='3810009701-noSymbol (10)'!O28*1000/Population!O17 -> 2.6054536 | O17: Quebec | P17: =AVERAGE(B17:D17) -> 3.3131462 | Q17: =AVERAGE(L17:N17) -> 2.7449066 | R17: =1-Q17/P17 -> 0.17151057
A18: ON | B18: ='3810009701-noSymbol (10)'!C31*1000/Population!C18 -> 3.7897703 | C18: ='3810009701-noSymbol (10)'!D31*1000/Population!D18 -> 3.7654681 | D18: ='3810009701-noSymbol (10)'!E31*1000/Population!E18 -> 3.8735231 | E18: ='3810009701-noSymbol (10)'!F31*1000/Population!F18 -> 3.5069238 | F18: ='3810009701-noSymbol (10)'!G31*1000/Population!G18 -> 3.8192995 | G18: ='3810009701-noSymbol (10)'!H31*1000/Population!H18 -> 3.7111822 | H18: ='3810009701-noSymbol (10)'!I31*1000/Population!I18 -> 3.6735665 | I18: ='3810009701-noSymbol (10)'!J31*1000/Population!J18 -> 3.5474363 | ... N18: ='3810009701-noSymbol (10)'!O31*1000/Population!O18 -> 2.7663152 | O18: ON | P18: =AVERAGE(B18:D18) -> 3.8095872 | Q18: =AVERAGE(L18:N18) -> 3.0441812 | R18: =1-Q18/P18 -> 0.20091573
A19: MB | B19: ='3810009701-noSymbol (10)'!C34*1000/Population!C19 -> 3.0209631 | C19: ='3810009701-noSymbol (10)'!D34*1000/Population!D19 -> 3.1479822 | D19: ='3810009701-noSymbol (10)'!E34*1000/Population!E19 -> 2.9796822 | E19: ='3810009701-noSymbol (10)'!F34*1000/Population!F19 -> 3.3824516 | F19: ='3810009701-noSymbol (10)'!G34*1000/Population!G19 -> 3.5523388 | G19: ='3810009701-noSymbol (10)'!H34*1000/Population!H19 -> 3.5274087 | H19: ='3810009701-noSymbol (10)'!I34*1000/Population!I19 -> 3.1532207 | I19: ='3810009701-noSymbol (10)'!J34*1000/Population!J19 -> 3.1998113 | ... N19: ='3810009701-noSymbol (10)'!O34*1000/Population!O19 -> 3.0001638 | O19: MB | P19: =AVERAGE(B19:D19) -> 3.0495425 | Q19: =AVERAGE(L19:N19) -> 3.1536864 | R19: =1-Q19/P19 -> -0.034150679
A20: SK | B20: ='3810009701-noSymbol (10)'!C37*1000/Population!C20 -> 5.7219284 | C20: ='3810009701-noSymbol (10)'!D37*1000/Population!D20 -> 6.0727051 | D20: ='3810009701-noSymbol (10)'!E37*1000/Population!E20 -> 5.1085664 | E20: ='3810009701-noSymbol (10)'!F37*1000/Population!F20 -> 5.5521443 | F20: ='3810009701-noSymbol (10)'!G37*1000/Population!G20 -> 5.9297386 | G20: ='3810009701-noSymbol (10)'!H37*1000/Population!H20 -> 5.5135437 | H20: ='3810009701-noSymbol (10)'!I37*1000/Population!I20 -> 5.4312473 | I20: ='3810009701-noSymbol (10)'!J37*1000/Population!J20 -> 5.3641757 | ... N20: ='3810009701-noSymbol (10)'!O37*1000/Population!O20 -> 4.952424 | O20: SK | P20: =AVERAGE(B20:D20) -> 5.6344 | Q20: =AVERAGE(L20:N20) -> 5.1849105 | R20: =1-Q20/P20 -> 0.079775918
A21: AB | B21: ='3810009701-noSymbol (10)'!C40*1000/Population!C21 -> 5.0959361 | C21: ='3810009701-noSymbol (10)'!D40*1000/Population!D21 -> 4.9117066 | D21: ='3810009701-noSymbol (10)'!E40*1000/Population!E21 -> 4.8129408 | E21: ='3810009701-noSymbol (10)'!F40*1000/Population!F21 -> 4.8135989 | F21: ='3810009701-noSymbol (10)'!G40*1000/Population!G21 -> 5.0058665 | G21: ='3810009701-noSymbol (10)'!H40*1000/Population!H21 -> 4.9104801 | H21: ='3810009701-noSymbol (10)'!I40*1000/Population!I21 -> 4.5188761 | I21: ='3810009701-noSymbol (10)'!J40*1000/Population!J21 -> 4.5320774 | ... N21: ='3810009701-noSymbol (10)'!O40*1000/Population!O21 -> 3.9381424 | O21: AB | P21: =AVERAGE(B21:D21) -> 4.9401945 | Q21: =AVERAGE(L21:N21) -> 4.2450692 | R21: =1-Q21/P21 -> 0.14070808
A22: BC | B22: ='3810009701-noSymbol (10)'!C43*1000/Population!C22 -> 2.9549851 | C22: ='3810009701-noSymbol (10)'!D43*1000/Population!D22 -> 2.9716338 | D22: ='3810009701-noSymbol (10)'!E43*1000/Population!E22 -> 2.8966528 | E22: ='3810009701-noSymbol (10)'!F43*1000/Population!F22 -> 2.8115022 | F22: ='3810009701-noSymbol (10)'!G43*1000/Population!G22 -> 2.87188 | G22: ='3810009701-noSymbol (10)'!H43*1000/Population!H22 -> 2.7725136 | H22: ='3810009701-noSymbol (10)'!I43*1000/Population!I22 -> 2.7774793 | I22: ='3810009701-noSymbol (10)'!J43*1000/Population!J22 -> 2.8642727 | ... N22: ='3810009701-noSymbol (10)'!O43*1000/Population!O22 -> 2.600511 | O22: BC | P22: =AVERAGE(B22:D22) -> 2.9410905 | Q22: =AVERAGE(L22:N22) -> 2.673421 | R22: =1-Q22/P22 -> 0.091010319
A23: YK | B23: ='3810009701-noSymbol (10)'!C46*1000/Population!C23 -> 4.2095278 | C23: ='3810009701-noSymbol (10)'!D46*1000/Population!D23 -> 4.3933175 | D23: ='3810009701-noSymbol (10)'!E46*1000/Population!E23 -> 4.4110162 | E23: ='3810009701-noSymbol (10)'!F46*1000/Population!F23 -> 4.1216011 | F23: ='3810009701-noSymbol (10)'!G46*1000/Population!G23 -> 4.0599111 | G23: ='3810009701-noSymbol (10)'!H46*1000/Population!H23 -> 3.4245652 | H23: ='3810009701-noSymbol (10)'!I46*1000/Population!I23 -> 3.4511136 | I23: ='3810009701-noSymbol (10)'!J46*1000/Population!J23 -> 3.3463903 | ... N23: ='3810009701-noSymbol (10)'!O46*1000/Population!O23 -> 2.9096157 | O23: YK | P23: =AVERAGE(B23:D23) -> 4.3379538 | Q23: =AVERAGE(L23:N23) -> 3.3770022 | R23: =1-Q23/P23 -> 0.22152187
A24: NT | B24: ='3810009701-noSymbol (10)'!C49*1000/Population!C24 -> 4.4705937 | C24: ='3810009701-noSymbol (10)'!D49*1000/Population!D24 -> 3.8113277 | D24: ='3810009701-noSymbol (10)'!E49*1000/Population!E24 -> 4.253558 | E24: ='3810009701-noSymbol (10)'!F49*1000/Population!F24 -> 3.6218595 | F24: ='3810009701-noSymbol (10)'!G49*1000/Population!G24 -> 3.4723809 | G24: ='3810009701-noSymbol (10)'!H49*1000/Population!H24 -> 4.0592005 | H24: ='3810009701-noSymbol (10)'!I49*1000/Population!I24 -> 4.045472 | I24: ='3810009701-noSymbol (10)'!J49*1000/Population!J24 -> 3.4286483 | ... N24: ='3810009701-noSymbol (10)'!O49*1000/Population!O24 -> 2.7815788 | O24: NWT | P24: =AVERAGE(B24:D24) -> 4.1784932 | Q24: =AVERAGE(L24:N24) -> 2.9809685 | R24: =1-Q24/P24 -> 0.28659247
A25: NU | B25: ='3810009701-noSymbol (10)'!C52*1000/Population!C25 -> 0.736106 | C25: ='3810009701-noSymbol (10)'!D52*1000/Population!D25 -> 0.74942294 | D25: ='3810009701-noSymbol (10)'!E52*1000/Population!E25 -> 0.7898201 | E25: ='3810009701-noSymbol (10)'!F52*1000/Population!F25 -> 0.80789428 | F25: ='3810009701-noSymbol (10)'!G52*1000/Population!G25 -> 0.93405038 | G25: ='3810009701-noSymbol (10)'!H52*1000/Population!H25 -> 1.7516543 | H25: ='3810009701-noSymbol (10)'!I52*1000/Population!I25 -> 2.5212387 | I25: ='3810009701-noSymbol (10)'!J52*1000/Population!J25 -> 1.7036697 | ... N25: ='3810009701-noSymbol (10)'!O52*1000/Population!O25 -> 0.89806915 | O25: NU | P25: =AVERAGE(B25:D25) -> 0.75844968 | Q25: =AVERAGE(L25:N25) -> 0.92986551 | R25: =1-Q25/P25 -> -0.22600818
A27: Symbol legend:
A28: .. | I28: Table: 17-10-0005-01 (formerly CANSIM 051-0001)
I29: Table: 38-10-0097-01 (formerly CANSIM 153-0114)
A33: Footnotes:
A34: 1 | B34: Postcensal estimates are based on the 2021 Census counts adjusted for census net undercoverage (CNU) (including adjustment for incompletely enumerated reserves and settlements (IERS)) and the components of demographic growth that occurred since that census. Intercensal estimates are produced using counts from two consecutive censuses adjusted for CNU (including IERS) and postcensal estimates.
A35: 2 | B35: Estimates are final intercensal up to 2020, final postcensal for 2021, updated postcensal for 2022 and preliminary postcensal for 2023.
A36: 3 | B36: Data for persons aged 90 to 100 years and older will be available from 2001.
A37: 4 | B37: The population growth, which is used to calculate population estimates, is comprised of the natural growth (Tables 17100006 and 17100016), international migration (Table 17100014) and interprovincial migration (Table 17100015).
A38: 5 | B38: The demographic estimates now incorporate the concept of gender, which was first introduced in the 2021 Census of Population. Gender refers to an individual's personal and social identity as a man, woman or non-binary person (a person who is not exclusively a man or a woman). Demographic estimates are available for the gender category Men+"
A39: 6 | B39: Age at last birthday in years.
A40: 7 | B40: Population estimates for Northwest Territories and Nunavut are presented separately from 1991.
A41: 8 | B41: Prior to 1991, only estimates of population for Northwest Territories and Nunavut combined are available.
A45: How to cite: Statistics Canada. Table 17-10-0005-01 Population estimates on July 1, by age and gender
A46: https://www150.statcan.gc.ca/t1/tbl1/en/tv.action?pid=1710000501

Sheet Population
A1: Population estimates on July 1, by age and gender 1 2 3 4 5
A2: Frequency: Annual
A3: Table: 17-10-0005-01 (formerly CANSIM 051-0001)
A4: Release date: 2024-02-21
A5: Geography: Canada, Province or territory
B9: Gender
A10: Geography | B10: Age group 3 6 | C10: 2009 | D10: 2010 | E10: 2011 | F10: 2012 | G10: 2013 | H10: 2014 | I10: 2015 | J10: 2016 | K10: 2017 | L10: 2018 | M10: 2019 | N10: 2020 | O10: 2021 | P10: 2022 | Q10: 2023
A11: Canada
B12: All ages | C12: 33630069 | D12: 34005902 | E12: 34339221 | F12: 34713395 | G12: 35080992 | H12: 35434066 | I12: 35704498 | J12: 36110803 | K12: 36545075 | L12: 37072620 | M12: 37618495 | N12: 38028638 | O12: 38239864 | P12: 38939056 | Q12: 40097761
A13: Newfoundland and Labrador | C13: 516741 | D13: 522002 | E13: 524955 | F13: 526235 | G13: 526960 | H13: 527970 | I13: 528348 | J13: 529586 | K13: 529742 | L13: 528402 | M13: 527643 | N13: 526884 | O13: 527056 | P13: 531583 | Q13: 538605
A14: Prince Edward Island | C14: 139873 | D14: 141644 | E14: 143918 | F14: 144415 | G14: 143942 | H14: 144095 | I14: 144636 | J14: 146891 | K14: 149740 | L14: 152259 | M14: 155792 | N14: 159193 | O14: 162133 | P14: 167188 | Q14: 173787
A15: Nova Scotia | C15: 938266 | D15: 942144 | E15: 944095 | F15: 943163 | G15: 939808 | H15: 937768 | I15: 937419 | J15: 942984 | K15: 952159 | L15: 962072 | M15: 975799 | N15: 989168 | O15: 999908 | P15: 1025445 | Q15: 1058694
A16: New Brunswick | C16: 749956 | D16: 753034 | E16: 755590 | F16: 758121 | G16: 758261 | H16: 758657 | I16: 759226 | J16: 763322 | K16: 766697 | L16: 770497 | M16: 777387 | N16: 783432 | O16: 790802 | P16: 809568 | Q16: 834691
A17: Quebec | C17: 7843915 | D17: 7929479 | E17: 8004736 | F17: 8059752 | G17: 8108825 | H17: 8147535 | I17: 8175743 | J17: 8225036 | K17: 8292832 | L17: 8386951 | M17: 8483186 | N17: 8551095 | O17: 8572020 | P17: 8672185 | Q17: 8874683
A18: Ontario | C18: 12998941 | D18: 13136481 | E18: 13262345 | F18: 13392364 | G18: 13511902 | H18: 13617763 | I18: 13709293 | J18: 13876500 | K18: 14078499 | L18: 14326746 | M18: 14573565 | N18: 14761811 | O18: 14842488 | P18: 15145006 | Q18: 15608369
A19: Manitoba | C19: 1208555 | D19: 1220782 | E19: 1233353 | F19: 1249094 | G19: 1263393 | H19: 1277425 | I19: 1293598 | J19: 1314140 | K19: 1334734 | L19: 1352687 | M19: 1370033 | N19: 1380132 | O19: 1391924 | P19: 1413409 | Q19: 1454902
A20: Saskatchewan | C20: 1034791 | D20: 1051426 | E20: 1065661 | F20: 1083005 | G20: 1098868 | H20: 1111989 | I20: 1122210 | J20: 1135496 | K20: 1147315 | L20: 1156210 | M20: 1164223 | N20: 1167386 | O20: 1167711 | P20: 1178422 | Q20: 1209107
A21: Alberta | C21: 3679010 | D21: 3732104 | E21: 3787705 | F21: 3871947 | G21: 3978532 | H21: 4081271 | I21: 4150147 | J21: 4195427 | K21: 4237310 | L21: 4292556 | M21: 4355377 | N21: 4407495 | O21: 4431531 | P21: 4510891 | Q21: 4695290
A22: British Columbia | C22: 4410513 | D22: 4465557 | E22: 4503819 | F22: 4570866 | G22: 4634943 | H22: 4712691 | I22: 4765472 | J22: 4861269 | K22: 4934202 | L22: 5020979 | M22: 5111022 | N22: 5176101 | O22: 5226665 | P22: 5356284 | Q22: 5519013
A23: Yukon | C23: 33733 | D23: 34598 | E23: 35366 | F23: 36151 | G23: 36454 | H23: 37085 | I23: 37669 | J23: 38549 | K23: 39533 | L23: 40403 | M23: 41187 | N23: 41958 | O23: 42961 | P23: 43905 | Q23: 44975
A24: Northwest Territories 8 | C24: 43171 | D24: 43292 | E24: 43493 | F24: 43624 | G24: 43774 | H24: 43851 | I24: 44247 | J24: 44624 | K24: 44656 | L24: 44536 | M24: 44442 | N24: 44504 | O24: 44579 | P24: 44685 | Q24: 44972
A25: Nunavut 8 | C25: 32604 | D25: 33359 | E25: 34185 | F25: 34658 | G25: 35330 | H25: 35966 | I25: 36490 | J25: 36979 | K25: 37656 | L25: 38322 | M25: 38839 | N25: 39479 | O25: 40086 | P25: 40485 | Q25: 40673
A27: Symbol legend:
A28: .. | B28: not available for a specific reference period
A33: Footnotes:
A34: 1 | B34: Postcensal estimates are based on the 2021 Census counts adjusted for census net undercoverage (CNU) (including adjustment for incompletely enumerated reserves and settlements (IERS)) and the components of demographic growth that occurred since that census. Intercensal estimates are produced using counts from two consecutive censuses adjusted for CNU (including IERS) and postcensal estimates.
A35: 2 | B35: Estimates are final intercensal up to 2020, final postcensal for 2021, updated postcensal for 2022 and preliminary postcensal for 2023.
A36: 3 | B36: Data for persons aged 90 to 100 years and older will be available from 2001.
A37: 4 | B37: The population growth, which is used to calculate population estimates, is comprised of the natural growth (Tables 17100006 and 17100016), international migration (Table 17100014) and interprovincial migration (Table 17100015).
A38: 5 | B38: The demographic estimates now incorporate the concept of gender, which was first introduced in the 2021 Census of Population. Gender refers to an individual's personal and social identity as a man, woman or non-binary person (a person who is not exclusively a man or a woman). Demographic estimates are available for the gender category Men+"
A39: 6 | B39: Age at last birthday in years.
A40: 7 | B40: Population estimates for Northwest Territories and Nunavut are presented separately from 1991.
A41: 8 | B41: Prior to 1991, only estimates of population for Northwest Territories and Nunavut combined are available.
A45: How to cite: Statistics Canada. Table 17-10-0005-01 Population estimates on July 1, by age and gender
A46: https://www150.statcan.gc.ca/t1/tbl1/en/tv.action?pid=1710000501

Sheet IND per GDP FIG 1
A1: Gross domestic product, expenditure-based, provincial and territorial, annual (x 1,000,000)
A2: Frequency: Annual
A3: Table: 36-10-0222-01 (formerly CANSIM 384-0038) | I3: 1000
A4: Release date: 2023-11-08
A5: Geography: Canada, Province or territory
B9: Chained (2017) dollars
A10: Geography | B10: 2009 | C10: 2010 | D10: 2011 | E10: 2012 | F10: 2013 | G10: 2014 | H10: 2015 | I10: 2016 | J10: 2017 | K10: 2018 | L10: 2019 | M10: 2020 | N10: 2021 | P10: 2009-2011 | Q10: 2019-2021 | R10: Delta
B11: Dollars
A12: CD | B12: ='3810009701-noSymbol (10)'!C12*1000/GDP!C12 -> 339.92389 | C12: ='3810009701-noSymbol (10)'!D12*1000/GDP!D12 -> 338.06006 | D12: ='3810009701-noSymbol (10)'!E12*1000/GDP!E12 -> 331.25691 | E12: ='3810009701-noSymbol (10)'!F12*1000/GDP!F12 -> 328.18109 | F12: ='3810009701-noSymbol (10)'!G12*1000/GDP!G12 -> 321.96609 | G12: ='3810009701-noSymbol (10)'!H12*1000/GDP!H12 -> 314.40115 | H12: ='3810009701-noSymbol (10)'!I12*1000/GDP!I12 -> 315.09322 | I12: ='3810009701-noSymbol (10)'!J12*1000/GDP!J12 -> 299.69099 | ... N12: ='3810009701-noSymbol (10)'!O12*1000/GDP!O12 -> 265.36278 | O12: Canada | P12: =AVERAGE(B12:D12) -> 336.41362 | Q12: =AVERAGE(L12:N12) -> 274.29108 | R12: =1-Q12/P12 -> 0.18466119
A13: NL | B13: ='3810009701-noSymbol (10)'!C15*1000/GDP!C13 -> 229.53702 | C13: ='3810009701-noSymbol (10)'!D15*1000/GDP!D13 -> 225.5913 | D13: ='3810009701-noSymbol (10)'!E15*1000/GDP!E13 -> 212.91816 | E13: ='3810009701-noSymbol (10)'!F15*1000/GDP!F13 -> 210.93824 | F13: ='3810009701-noSymbol (10)'!G15*1000/GDP!G13 -> 206.47435 | G13: ='3810009701-noSymbol (10)'!H15*1000/GDP!H13 -> 231.87092 | H13: ='3810009701-noSymbol (10)'!I15*1000/GDP!I13 -> 257.51322 | I13: ='3810009701-noSymbol (10)'!J15*1000/GDP!J13 -> 259.45002 | ... N13: ='3810009701-noSymbol (10)'!O15*1000/GDP!O13 -> 170.18297 | O13: NL | P13: =AVERAGE(B13:D13) -> 222.68216 | Q13: =AVERAGE(L13:N13) -> 198.82556 | R13: =1-Q13/P13 -> 0.10713298
A14: PE | B14: ='3810009701-noSymbol (10)'!C18*1000/GDP!C14 -> 140.87641 | C14: ='3810009701-noSymbol (10)'!D18*1000/GDP!D14 -> 150.74702 | D14: ='3810009701-noSymbol (10)'!E18*1000/GDP!E14 -> 159.73706 | E14: ='3810009701-noSymbol (10)'!F18*1000/GDP!F14 -> 150.13012 | F14: ='3810009701-noSymbol (10)'!G18*1000/GDP!G14 -> 118.92583 | G14: ='3810009701-noSymbol (10)'!H18*1000/GDP!H14 -> 125.65863 | H14: ='3810009701-noSymbol (10)'!I18*1000/GDP!I14 -> 125.01968 | I14: ='3810009701-noSymbol (10)'!J18*1000/GDP!J14 -> 127.9482 | ... N14: ='3810009701-noSymbol (10)'!O18*1000/GDP!O14 -> 120.28986 | O14: PE | P14: =AVERAGE(B14:D14) -> 150.4535 | Q14: =AVERAGE(L14:N14) -> 122.25825 | R14: =1-Q14/P14 -> 0.18740177
A15: NS | B15: ='3810009701-noSymbol (10)'!C21*1000/GDP!C15 -> 468.89478 | C15: ='3810009701-noSymbol (10)'!D21*1000/GDP!D15 -> 427.10695 | D15: ='3810009701-noSymbol (10)'!E21*1000/GDP!E15 -> 416.87434 | E15: ='3810009701-noSymbol (10)'!F21*1000/GDP!F15 -> 370.89554 | F15: ='3810009701-noSymbol (10)'!G21*1000/GDP!G15 -> 348.00554 | G15: ='3810009701-noSymbol (10)'!H21*1000/GDP!H15 -> 321.16665 | H15: ='3810009701-noSymbol (10)'!I21*1000/GDP!I15 -> 305.77052 | I15: ='3810009701-noSymbol (10)'!J21*1000/GDP!J15 -> 280.45426 | ... N15: ='3810009701-noSymbol (10)'!O21*1000/GDP!O15 -> 219.82553 | O15: NS | P15: =AVERAGE(B15:D15) -> 437.62536 | Q15: =AVERAGE(L15:N15) -> 239.55524 | R15: =1-Q15/P15 -> 0.452602
A16: NB | B16: ='3810009701-noSymbol (10)'!C24*1000/GDP!C16 -> 523.91145 | C16: ='3810009701-noSymbol (10)'!D24*1000/GDP!D16 -> 479.02711 | D16: ='3810009701-noSymbol (10)'!E24*1000/GDP!E16 -> 481.64927 | E16: ='3810009701-noSymbol (10)'!F24*1000/GDP!F16 -> 437.47645 | F16: ='3810009701-noSymbol (10)'!G24*1000/GDP!G16 -> 402.97553 | G16: ='3810009701-noSymbol (10)'!H24*1000/GDP!H16 -> 364.7472 | H16: ='3810009701-noSymbol (10)'!I24*1000/GDP!I16 -> 388.96739 | I16: ='3810009701-noSymbol (10)'!J24*1000/GDP!J16 -> 424.06819 | ... N16: ='3810009701-noSymbol (10)'!O24*1000/GDP!O16 -> 363.08246 | O16: NB | P16: =AVERAGE(B16:D16) -> 494.86261 | Q16: =AVERAGE(L16:N16) -> 367.65094 | R16: =1-Q16/P16 -> 0.25706462
A17: QC | B17: ='3810009701-noSymbol (10)'!C27*1000/GDP!C17 -> 184.0651 | C17: ='3810009701-noSymbol (10)'!D27*1000/GDP!D17 -> 172.88292 | D17: ='3810009701-noSymbol (10)'!E27*1000/GDP!E17 -> 169.11693 | E17: ='3810009701-noSymbol (10)'!F27*1000/GDP!F17 -> 164.4102 | F17: ='3810009701-noSymbol (10)'!G27*1000/GDP!G17 -> 159.43672 | G17: ='3810009701-noSymbol (10)'!H27*1000/GDP!H17 -> 153.98874 | H17: ='3810009701-noSymbol (10)'!I27*1000/GDP!I17 -> 159.98812 | I17: ='3810009701-noSymbol (10)'!J27*1000/GDP!J17 -> 154.37947 | ... N17: ='3810009701-noSymbol (10)'!O27*1000/GDP!O17 -> 138.15213 | O17: Quebec | P17: =AVERAGE(B17:D17) -> 175.35499 | Q17: =AVERAGE(L17:N17) -> 143.47863 | R17: =1-Q17/P17 -> 0.18178184
A18: ON | B18: ='3810009701-noSymbol (10)'!C30*1000/GDP!C18 -> 175.87414 | C18: ='3810009701-noSymbol (10)'!D30*1000/GDP!D18 -> 183.62937 | D18: ='3810009701-noSymbol (10)'!E30*1000/GDP!E18 -> 175.601 | E18: ='3810009701-noSymbol (10)'!F30*1000/GDP!F18 -> 170.35749 | F18: ='3810009701-noSymbol (10)'!G30*1000/GDP!G18 -> 162.52985 | G18: ='3810009701-noSymbol (10)'!H30*1000/GDP!H18 -> 155.61046 | H18: ='3810009701-noSymbol (10)'!I30*1000/GDP!I18 -> 151.53728 | I18: ='3810009701-noSymbol (10)'!J30*1000/GDP!J18 -> 146.56796 | ... N18: ='3810009701-noSymbol (10)'!O30*1000/GDP!O18 -> 126.87933 | O18: ON | P18: =AVERAGE(B18:D18) -> 178.36817 | Q18: =AVERAGE(L18:N18) -> 130.83428 | R18: =1-Q18/P18 -> 0.2664931
A19: MB | B19: ='3810009701-noSymbol (10)'!C33*1000/GDP!C19 -> 264.94037 | C19: ='3810009701-noSymbol (10)'!D33*1000/GDP!D19 -> 248.11633 | D19: ='3810009701-noSymbol (10)'!E33*1000/GDP!E19 -> 245.56008 | E19: ='3810009701-noSymbol (10)'!F33*1000/GDP!F19 -> 253.20373 | F19: ='3810009701-noSymbol (10)'!G33*1000/GDP!G19 -> 249.78358 | G19: ='3810009701-noSymbol (10)'!H33*1000/GDP!H19 -> 246.74494 | H19: ='3810009701-noSymbol (10)'!I33*1000/GDP!I19 -> 243.57655 | I19: ='3810009701-noSymbol (10)'!J33*1000/GDP!J19 -> 243.98337 | ... N19: ='3810009701-noSymbol (10)'!O33*1000/GDP!O19 -> 224.80251 | O19: MB | P19: =AVERAGE(B19:D19) -> 252.87226 | Q19: =AVERAGE(L19:N19) -> 232.42493 | R19: =1-Q19/P19 -> 0.080860334
A20: SK | B20: ='3810009701-noSymbol (10)'!C36*1000/GDP!C20 -> 978.6305 | C20: ='3810009701-noSymbol (10)'!D36*1000/GDP!D20 -> 925.35707 | D20: ='3810009701-noSymbol (10)'!E36*1000/GDP!E20 -> 887.04235 | E20: ='3810009701-noSymbol (10)'!F36*1000/GDP!F20 -> 917.24138 | F20: ='3810009701-noSymbol (10)'!G36*1000/GDP!G20 -> 883.69209 | G20: ='3810009701-noSymbol (10)'!H36*1000/GDP!H20 -> 894.91882 | H20: ='3810009701-noSymbol (10)'!I36*1000/GDP!I20 -> 928.58876 | I20: ='3810009701-noSymbol (10)'!J36*1000/GDP!J20 -> 866.85755 | ... N20: ='3810009701-noSymbol (10)'!O36*1000/GDP!O20 -> 820.38325 | O20: SK | P20: =AVERAGE(B20:D20) -> 930.34331 | Q20: =AVERAGE(L20:N20) -> 815.97901 | R20: =1-Q20/P20 -> 0.12292699
A21: AB | B21: ='3810009701-noSymbol (10)'!C39*1000/GDP!C21 -> 880.54693 | C21: ='3810009701-noSymbol (10)'!D39*1000/GDP!D21 -> 871.87786 | D21: ='3810009701-noSymbol (10)'!E39*1000/GDP!E21 -> 853.33628 | E21: ='3810009701-noSymbol (10)'!F39*1000/GDP!F21 -> 844.84011 | F21: ='3810009701-noSymbol (10)'!G39*1000/GDP!G21 -> 821.73334 | G21: ='3810009701-noSymbol (10)'!H39*1000/GDP!H21 -> 789.39058 | H21: ='3810009701-noSymbol (10)'!I39*1000/GDP!I21 -> 817.10553 | I21: ='3810009701-noSymbol (10)'!J39*1000/GDP!J21 -> 790.33562 | ... N21: ='3810009701-noSymbol (10)'!O39*1000/GDP!O21 -> 757.58678 | O21: AB | P21: =AVERAGE(B21:D21) -> 868.58702 | Q21: =AVERAGE(L21:N21) -> 770.06407 | R21: =1-Q21/P21 -> 0.11342899
A22: BC | B22: ='3810009701-noSymbol (10)'!C42*1000/GDP!C22 -> 277.76423 | C22: ='3810009701-noSymbol (10)'!D42*1000/GDP!D22 -> 284.03765 | D22: ='3810009701-noSymbol (10)'!E42*1000/GDP!E22 -> 270.93759 | E22: ='3810009701-noSymbol (10)'!F42*1000/GDP!F22 -> 269.11001 | F22: ='3810009701-noSymbol (10)'!G42*1000/GDP!G22 -> 265.55389 | G22: ='3810009701-noSymbol (10)'!H42*1000/GDP!H22 -> 259.78685 | H22: ='3810009701-noSymbol (10)'!I42*1000/GDP!I22 -> 257.05893 | I22: ='3810009701-noSymbol (10)'!J42*1000/GDP!J22 -> 247.90103 | ... N22: ='3810009701-noSymbol (10)'!O42*1000/GDP!O22 -> 197.36906 | O22: BC | P22: =AVERAGE(B22:D22) -> 277.57982 | Q22: =AVERAGE(L22:N22) -> 208.14431 | R22: =1-Q22/P22 -> 0.2501461
A23: YK | B23: ='3810009701-noSymbol (10)'!C45*1000/GDP!C23 -> 180.52738 | C23: ='3810009701-noSymbol (10)'!D45*1000/GDP!D23 -> 199.21875 | D23: ='3810009701-noSymbol (10)'!E45*1000/GDP!E23 -> 204.84171 | E23: ='3810009701-noSymbol (10)'!F45*1000/GDP!F23 -> 200.50125 | F23: ='3810009701-noSymbol (10)'!G45*1000/GDP!G23 -> 170.42254 | G23: ='3810009701-noSymbol (10)'!H45*1000/GDP!H23 -> 126.17966 | H23: ='3810009701-noSymbol (10)'!I45*1000/GDP!I23 -> 148.27455 | I23: ='3810009701-noSymbol (10)'!J45*1000/GDP!J23 -> 138.77119 | ... N23: ='3810009701-noSymbol (10)'!O45*1000/GDP!O23 -> 153.65474 | O23: YK | P23: =AVERAGE(B23:D23) -> 194.86262 | Q23: =AVERAGE(L23:N23) -> 156.39133 | R23: =1-Q23/P23 -> 0.19742775
A24: NT | B24: ='3810009701-noSymbol (10)'!C48*1000/GDP!C24 -> 378.6732 | C24: ='3810009701-noSymbol (10)'!D48*1000/GDP!D24 -> 384.26429 | D24: ='3810009701-noSymbol (10)'!E48*1000/GDP!E24 -> 445.66515 | E24: ='3810009701-noSymbol (10)'!F48*1000/GDP!F24 -> 454.34939 | F24: ='3810009701-noSymbol (10)'!G48*1000/GDP!G24 -> 434.92433 | G24: ='3810009701-noSymbol (10)'!H48*1000/GDP!H24 -> 421.83678 | H24: ='3810009701-noSymbol (10)'!I48*1000/GDP!I24 -> 419.47566 | I24: ='3810009701-noSymbol (10)'!J48*1000/GDP!J24 -> 366.03352 | ... N24: ='3810009701-noSymbol (10)'!O48*1000/GDP!O24 -> 362.48831 | O24: NWT | P24: =AVERAGE(B24:D24) -> 402.86755 | Q24: =AVERAGE(L24:N24) -> 367.23663 | R24: =1-Q24/P24 -> 0.08844325
A25: NU | B25: ='3810009701-noSymbol (10)'!C51*1000/GDP!C25 -> 222.82315 | C25: ='3810009701-noSymbol (10)'!D51*1000/GDP!D25 -> 199.4523 | D25: ='3810009701-noSymbol (10)'!E51*1000/GDP!E25 -> 185.28139 | E25: ='3810009701-noSymbol (10)'!F51*1000/GDP!F25 -> 206.51714 | F25: ='3810009701-noSymbol (10)'!G51*1000/GDP!G25 -> 237.1572 | G25: ='3810009701-noSymbol (10)'!H51*1000/GDP!H25 -> 236.6054 | H25: ='3810009701-noSymbol (10)'!I51*1000/GDP!I25 -> 219.30169 | I25: ='3810009701-noSymbol (10)'!J51*1000/GDP!J25 -> 232.17619 | ... N25: ='3810009701-noSymbol (10)'!O51*1000/GDP!O25 -> 183.67347 | O25: NU | P25: =AVERAGE(B25:D25) -> 202.51895 | Q25: =AVERAGE(L25:N25) -> 227.40228 | R25: =1-Q25/P25 -> -0.12286916
A26: Outside Canada
A28: Symbol legend:
A29: .. | B29: not available for a specific reference period
A34: Footnotes:
A35: 1 | B35: Canada totals in the provincial and territorial gross domestic product by income and by expenditure accounts (PTEA) do not correspond to the national gross domestic product by income and by expenditure accounts (IEA) estimates at certain times of the year. The two accounts are brought back in line when annual revisions are incorporated.
A36: 2 | B36: Terminated with the 1998 data.
A37: 3 | B37: Prior to 1999, see Northwest Territories including Nunavut.
A41: How to cite: Statistics Canada. Table 36-10-0222-01 Gross domestic product, expenditure-based, provincial and territorial, annual (x 1,000,000)
A42: https://www150.statcan.gc.ca/t1/tbl1/en/tv.action?pid=3610022201

Sheet GDP
A1: Gross domestic product, expenditure-based, provincial and territorial, annual (x 1,000,000)
A2: Frequency: Annual
A3: Table: 36-10-0222-01 (formerly CANSIM 384-0038)
A4: Release date: 2023-11-08
A5: Geography: Canada, Province or territory
B9: Prices | C9: Chained (2017) dollars
A10: Geography | B10: Estimates | C10: 2009 | D10: 2010 | E10: 2011 | F10: 2012 | G10: 2013 | H10: 2014 | I10: 2015 | J10: 2016 | K10: 2017 | L10: 2018 | M10: 2019 | N10: 2020 | O10: 2021 | P10: 2022
C11: Dollars
A12: Canada 1 | B12: Gross domestic product at market prices | C12: 1793828 | D12: 1849272 | E12: 1907287 | F12: 1940773 | G12: 1985911 | H12: 2042976 | I12: 2056255 | J12: 2077610 | K12: 2140641 | L12: 2199358 | M12: 2241331 | N12: 2128408 | O12: 2240936 | P12: 2326537
A13: Newfoundland and Labrador | C13: 30714 | D13: 32386 | E13: 33271 | F13: 31815 | G13: 33486 | H13: 33096 | I13: 32709 | J13: 33201 | K13: 33689 | L13: 32836 | M13: 34157 | N13: 32512 | O13: 32847 | P13: 32293
A14: Prince Edward Island | C14: 5842 | D14: 5957 | E14: 6085 | F14: 6148 | G14: 6256 | H14: 6263 | I14: 6351 | J14: 6487 | K14: 6791 | L14: 6906 | M14: 7222 | N14: 7003 | O14: 7590 | P14: 7807
A15: Nova Scotia | C15: 40363 | D15: 41458 | E15: 41732 | F15: 41327 | G15: 41189 | H15: 41589 | I15: 41868 | J15: 42531 | K15: 43314 | L15: 44077 | M15: 45586 | N15: 43513 | O15: 46082 | P15: 47407
A16: New Brunswick | C16: 34105 | D16: 34783 | E16: 34876 | F16: 34507 | G16: 34414 | H16: 34454 | I16: 34679 | J16: 34959 | K16: 35828 | L16: 36218 | M16: 36704 | N16: 35393 | O16: 37256 | P16: 37658
A17: Quebec | C17: 367169 | D17: 374502 | E17: 381523 | F17: 385706 | G17: 390851 | H17: 397068 | I17: 400611 | J17: 407036 | K17: 418675 | L17: 430244 | M17: 442435 | N17: 421445 | O17: 449794 | P17: 461119
A18: Ontario | C18: 690852 | D18: 711237 | E18: 728407 | F18: 738001 | G18: 748281 | H18: 767050 | I18: 785866 | J18: 802365 | K18: 824979 | L18: 852029 | M18: 869792 | N18: 830265 | O18: 874981 | P18: 909121
A19: Manitoba | C19: 59202 | D19: 60653 | E19: 62107 | F19: 63988 | G19: 65845 | H19: 67203 | I19: 68032 | J19: 69017 | K19: 71285 | L19: 72648 | M19: 73505 | N19: 70493 | O19: 71396 | P19: 73728
A20: Saskatchewan | C20: 64812 | D20: 67843 | E20: 71425 | F20: 72645 | G20: 77398 | H20: 78958 | I20: 78293 | J20: 78232 | K20: 80257 | L20: 81590 | M20: 81221 | N20: 77761 | O20: 77181 | P20: 81845
A21: Alberta | C21: 263141 | D21: 276213 | E21: 294040 | F21: 305530 | G21: 322960 | H21: 341998 | I21: 329332 | J21: 317951 | K21: 332256 | L21: 338965 | M21: 339281 | N21: 312726 | O21: 327115 | P21: 343484
A22: British Columbia | C22: 225497 | D22: 231927 | E22: 238996 | F22: 244610 | G22: 250066 | H22: 259251 | I22: 264523 | J22: 271919 | K22: 282283 | L22: 292182 | M22: 299857 | N22: 290575 | O22: 311143 | P22: 322862
A23: Yukon | C23: 2465 | D23: 2560 | E23: 2685 | F23: 2793 | G23: 2840 | H23: 2861 | I23: 2637 | J23: 2832 | K23: 2883 | L23: 2952 | M23: 2912 | N23: 2962 | O23: 3215 | P23: 3405
A24: Northwest Territories 3 | C24: 4492 | D24: 4601 | E24: 4187 | F24: 4173 | G24: 4295 | H24: 4497 | I24: 4539 | J24: 4475 | K24: 4628 | L24: 4684 | M24: 4502 | N24: 4097 | O24: 4276 | P24: 4396
... A26: Outside Canada | C26: 800 | D26: 837 | E26: 829 | F26: 783 | G26: 753 | H26: 745 | I26: 714 | J26: 718 | K26: 747 | L26: 825 | M26: 818 | N26: 662 | O26: 755 | P26: 870
A28: Symbol legend:
A29: .. | B29: not available for a specific reference period
A34: Footnotes:
A35: 1 | B35: Canada totals in the provincial and territorial gross domestic product by income and by expenditure accounts (PTEA) do not correspond to the national gross domestic product by income and by expenditure accounts (IEA) estimates at certain times of the year. The two accounts are brought back in line when annual revisions are incorporated.
A36: 2 | B36: Terminated with the 1998 data.
A37: 3 | B37: Prior to 1999, see Northwest Territories including Nunavut.
A41: How to cite: Statistics Canada. Table 36-10-0222-01 Gross domestic product, expenditure-based, provincial and territorial, annual (x 1,000,000)
A42: https://www150.statcan.gc.ca/t1/tbl1/en/tv.action?pid=3610022201
